 Dungeon Crawl Stone Soup version 0.22.1-6-g1668fe2c40 (webtiles) character file.

92 Kohma the Ruffian (level 4, -7/36 HPs)
             Began as a Draconian Transmuter on Jan 24, 2019.
             Killed by divine providence
             ... invoked by an orc priest
              (15 damage)
             ... on level 3 of the Dungeon.
             The game lasted 00:06:04 (2354 turns).

Kohma the Ruffian (Draconian Transmuter)            Turns: 2354, Time: 00:06:04

Health: -7/36      AC:  7    Str: 12    XL:     4   Next: 35%
Magic:  6/7        EV: 12    Int: 15    God:
Gold:   110        SH:  0    Dex: 11    Spells: 2/8 levels left

rFire    . . .     SeeInvis .     - Unarmed
rCold    . . .     Gourm    .   (no shield)
rNeg     . . .     Faith    .   (armour unavailable)
rPois    .         Spirit   .   (helmet restricted)
rElec    .         Reflect  .   d - +0 cloak
rCorr    .         Harm     .   o - +0 pair of gloves
MR       .....                  (no boots)
Stlth    +.........             (no amulet)
HPRegen  0.12/turn              (no ring)
MPRegen  0.10/turn              (no ring)

@: no status effects
A: unfitting armour, cold-blooded, AC +5
a: no special abilities


You were on level 3 of the Dungeon.
You were hungry.

You visited 1 branch of the dungeon, and saw 3 of its levels.

You collected 110 gold pieces.

Inventory:

Missiles
 a - 58 arrows
Armour
 d - a +0 cloak (worn)
 m - a +0 buckler
 o - a +0 pair of gloves (worn)
Jewellery
 p - a +3 ring of protection {unknown}
Scrolls
 b - 2 scrolls of fear {unknown}
 e - a scroll of noise {unknown}
 f - a scroll of random uselessness {unknown}
 g - a scroll of enchant weapon {unknown}
 h - 2 scrolls of identify {unknown}
 i - a scroll of magic mapping {unknown}
 k - 7 scrolls of remove curse {unknown}
 l - 3 scrolls of teleportation {unknown}
Potions
 j - a potion of ambrosia {unknown}
Comestibles
 c - 2 rations
 n - 5 chunks of flesh


   Skills:
 + Level 2.1 Fighting
 - Level 1.7 Dodging
 + Level 3.5 Unarmed Combat
 + Level 2.5 Spellcasting
 * Level 3.3 Transmutations


You had 2 spell levels left.
You knew the following spells:

 Your Spells              Type           Power        Failure   Level  Hunger
a - Beastly Appendage     Tmut           ##....       5%          1    #......
b - Sticks to Snakes      Tmut           ##......     8%          2    ###....
c - Spider Form           Tmut/Pois      #.........   32%         3    ###....

Your spell library contained the following spells:

 Spells                   Type           Power        Failure   Level  Hunger
 Ice Form                 Ice/Tmut       #.......     71%         4    #####..
 Blade Hands              Tmut           ##........   82%         5    ######.


Dungeon Overview and Level Annotations

Branches:
Dungeon (3/15)

Altars:


Innate Abilities, Weirdness & Mutations

Your plain brown scales are hard. (AC +5)
You cannot fit into any form of body armour.
You are cold-blooded and may be slowed by cold attacks.


Message History

The orc priest shouts!
Your adder bites the orc but does no damage.
The orc priest invokes the aid of Beogh against you.
Beogh smites you!
* * * LOW HITPOINT WARNING * * *
Your adder closely misses the orc.
The orc barely misses your adder.
Your adder bites the orc.
Your adder bites the orc but does no damage.
An orc comes into view. It is wielding a club.
The orc hits your adder with a club.
Your adder closely misses the orc.
There is an open door here.
Things that are here:
a hand axe of holy wrath; a chain mail; an orc skeleton You hear a shout!
Something unseen opens the door.
The orc priest begins to cast a cantrip, but forgets the words!
You open the door.
The orc priest invokes the aid of Beogh against you.
Beogh smites you!
You die...

#.# #............# #.#
#............# #.# #####........#
#.# ####'##### #.# #.# #.# #.#
#.# #.########### . #.#
###.#.........######o #.#
#...@...o...o.'...So. ##.########
#.#.#......o..#...o#
..........###.#.#.........#....#.
................'.........)......
##########.##.#.#.........#....#.
##########.##.#.#.........#....#
..............#.##.......#####.#
###########.###.##.......# .#
.....# #..##.##.รท.....# .#


You could see an orc priest and an orc.

Vanquished Creatures
  2 adders
  2 worms (D:2)
  A leopard gecko (D:2)
  An orc (D:3)
  5 giant cockroaches
  4 goblins
  4 hobgoblins
  4 jackals (D:1)
  A quokka (D:2)
  A ball python (D:1)
  5 bats
  5 frilled lizards
  3 kobolds
  5 rats
43 creatures vanquished.

Vanquished Creatures (collateral kills)
  An orc priest (D:3)
  An adder (D:2)
  A goblin (D:3)
3 creatures vanquished.

Grand Total: 46 creatures vanquished

Notes
Turn   | Place    | Note
-------+----------+-------------------------------------------
     0 | D:1      | Kohma the Draconian Transmuter began the quest for the Orb.
     0 | D:1      | Reached XP level 1. HP: 16/16 MP: 3/3
   168 | D:1      | Reached XP level 2. HP: 19/23 MP: 3/5
  1062 | D:2      | Reached XP level 3. HP: 18/29 MP: 6/6
  1066 | D:2      | Learned a level 2 spell: Sticks to Snakes
  1070 | D:2      | Learned a level 3 spell: Spider Form
  1436 | D:2      | Found a faded altar of an unknown god.
  2192 | D:3      | Reached XP level 4. HP: 34/36 MP: 1/7
  2354 | D:3      | Killed from afar by an orc priest

Skill      XL: |  1  2  3 |
---------------+----------+-----
Transmutations | 3 |  3.3
Fighting       | 2 |  2.1
Dodging        | |  1.7
Unarmed Combat | |  3.5
Spellcasting   | |  2.5

Action                   |  1- 3 |  4- 6 || total
-------------------------+-------+-------++-------
Melee: Unarmed           |   170 |    14 ||   184
       Tailslap          |    14 |       ||    14
       Headbutt          |     4 |       ||     4
       Kick              |     3 |       ||     3
       Punch             |     3 |       ||     3
 Cast: Beastly Appendage |    18 |     1 ||    19
       Sticks to Snakes  |     4 |     2 ||     6
  Use: Potion            |     2 |       ||     2
 Stab: Sleeping          |     1 |       ||     1
       Distracted        |       |     1 ||     1
  Eat: Chunk             |     4 |     1 ||     5
Armor: Skin              |    64 |     5 ||    69
Dodge: Dodged            |   146 |     6 ||   152
